ORI
OREGON STATE UNIVERSITY BEAVERS @ ARIZONA STATE UNIVERSITY SUN DEVILS
07/19/2048
 
TOP OF THE 1ST
Oregon State University Beavers batting - Pitching for Arizona State University Sun Devils : LHP Jamie Treminio
Pitching: LHP Jamie Treminio
Batting: LHB Sun-wei Kuai 0-0: Called Strike
0-1: Called Strike
0-2: Strikes out swinging
Batting: RHB Willie Lopez 0-0: Called Strike
0-1: Foul Ball, location: 2F
0-2: Strikes out looking
Batting: RHB Luis Flores 0-0: Ball
1-0: Ball
2-0: Fly out, F8 (Flyball, 8RXD, EV 106.9 MPH)
Top of the 1st over - 0 runs, 0 hits, 0 errors, 0 left on base; Oregon State University 0 - Arizona State University 0
BOTTOM OF THE 1ST
Arizona State University Sun Devils batting - Pitching for Oregon State University Beavers : RHP Edwin Zelaya
Pitching: RHP Edwin Zelaya
Batting: LHB David Goad 0-0: Ball
1-0: Ball
2-0: Ball
3-0: Base on Balls
Batting: LHB Eric Russell 0-0: Ball
1-0: Ball
2-0: Foul Ball, location: 2F
2-1: Ball
3-1: Called Strike
3-2: Foul Ball, location: 2F
3-2: Fielders Choice at 2nd, 5-4 (Groundball, 56S, EV 91.9 MPH)
Batting: LHB Justin Vitali 0-0: Ball
Eric Russell is caught stealing 2nd base 2-6
1-0: Ball
2-0: Foul Ball, location: 2F
2-1: DOUBLE (Line Drive, 89D, EV 111.9 MPH)
Batting: LHB Randy Marquez 0-0: Ball
1-0: Called Strike
1-1: Foul Ball, location: 2F
1-2: Ball
2-2: Strikes out swinging
Bottom of the 1st over - 0 runs, 1 hit, 0 errors, 1 left on base; Oregon State University 0 - Arizona State University 0
TOP OF THE 2ND
Oregon State University Beavers batting - Pitching for Arizona State University Sun Devils : LHP Jamie Treminio
Batting: RHB Steve Webb 0-0: Foul Ball, location: 2F
0-1: Ball
1-1: Ball
2-1: Fly out, F7 (Flyball, 7, EV 92.5 MPH)
Batting: LHB Abdul-Hakim Jibril 0-0: Ball
1-0: Called Strike
1-1: Ball
2-1: Ground out 4-3 (Groundball, 4S, EV 70.0 MPH)
Batting: RHB Yasuyuki Moriyama 0-0: Ball
1-0: Foul Ball, location: 2F
1-1: Called Strike
1-2: Ball
2-2: SINGLE (Line Drive, 6MD, EV 98.8 MPH)
Batting: SHB Sosaia Apelahama 0-0: Called Strike
0-1: Foul Ball, location: 2F
0-2: Strikes out swinging passed ball, reaches first!
Yasuyuki Moriyama to second
Batting: SHB Jim Chute 0-0: Called Strike
0-1: Swinging Strike
0-2: Ball
1-2: Strikes out swinging
Top of the 2nd over - 0 runs, 1 hit, 0 errors, 2 left on base; Oregon State University 0 - Arizona State University 0
BOTTOM OF THE 2ND
Arizona State University Sun Devils batting - Pitching for Oregon State University Beavers : RHP Edwin Zelaya
Batting: SHB Manny Aponte 0-0: Called Strike
0-1: Ball
1-1: Swinging Strike
1-2: Strikes out swinging
Batting: LHB Burraga Iukini 0-0: Ball
1-0: Foul Ball, location: 2F
1-1: Swinging Strike
1-2: Ball
2-2: Strikes out swinging
Batting: RHB Chris DeLuise 0-0: Called Strike
0-1: Foul Ball, location: 2F
0-2: Ground out U3 (Groundball, 3, EV 100.0 MPH)
Bottom of the 2nd over - 0 runs, 0 hits, 0 errors, 0 left on base; Oregon State University 0 - Arizona State University 0
TOP OF THE 3RD
Oregon State University Beavers batting - Pitching for Arizona State University Sun Devils : LHP Jamie Treminio
Batting: LHB Soo-yeon Kym 0-0: Called Strike
0-1: Foul Ball, location: 2F
0-2: Ball
1-2: Foul Ball, location: 2F
1-2: Ball
2-2: Ball
3-2: Strikes out swinging
Batting: LHB Sun-wei Kuai 0-0: Ball
1-0: SINGLE (Line Drive, 78S, EV 103.1 MPH)
Batting: RHB Willie Lopez 0-0: Ball
Sun-wei Kuai is caught stealing 2nd base 2-4
1-0: Ground out 5-3 (Groundball, 56S, EV 84.4 MPH)
Top of the 3rd over - 0 runs, 1 hit, 0 errors, 0 left on base; Oregon State University 0 - Arizona State University 0
BOTTOM OF THE 3RD
Arizona State University Sun Devils batting - Pitching for Oregon State University Beavers : RHP Edwin Zelaya
Batting: RHB Alonzo Cardona 0-0: Foul Ball, location: 2F
0-1: Called Strike
0-2: Ball
1-2: Foul Ball, location: 2F
1-2: Ball
2-2: Ball
3-2: Fly out, F3 (Popup, 3F, EV 75.0 MPH)
Batting: RHB Carl Evans 0-0: Reached on error, E5 (Groundball, 56, EV 83.1 MPH)
Batting: LHB David Goad 0-0: Ball
1-0: Called Strike
Carl Evans is caught stealing 2nd base 2-6
1-1: Ball
2-1: Ball
3-1: Swinging Strike
3-2: SINGLE (Line Drive, 6D, EV 96.2 MPH)
Batting: LHB Eric Russell 0-0: Foul Ball, location: 2F
0-1: Ball
1-1: Called Strike
1-2: Ground out 6-3 (Groundball, 56D, EV 96.9 MPH)
Bottom of the 3rd over - 0 runs, 1 hit, 1 error, 1 left on base; Oregon State University 0 - Arizona State University 0
TOP OF THE 4TH
Oregon State University Beavers batting - Pitching for Arizona State University Sun Devils : LHP Jamie Treminio
Batting: RHB Luis Flores 0-0: Ground out 1-3 (Groundball, 15S, EV 65.0 MPH)
Batting: RHB Steve Webb 0-0: Called Strike
0-1: Ball
1-1: Called Strike
1-2: SINGLE (Groundball, 6D, EV 101.2 MPH)
Batting: LHB Abdul-Hakim Jibril 0-0: Ball
1-0: Fielders Choice at 2nd, 3-6 (Groundball, 34, EV 108.1 MPH)
Batting: RHB Yasuyuki Moriyama 0-0: Called Strike
0-1: SINGLE (Groundball, 4S, EV 68.8 MPH) (infield hit)
Abdul-Hakim Jibril to second
Batting: SHB Sosaia Apelahama 0-0: Swinging Strike
0-1: Foul Ball, location: 2F
0-2: Fly out, F5 (Line Drive, 5, EV 70.0 MPH)
Top of the 4th over - 0 runs, 2 hits, 0 errors, 2 left on base; Oregon State University 0 - Arizona State University 0
BOTTOM OF THE 4TH
Arizona State University Sun Devils batting - Pitching for Oregon State University Beavers : RHP Edwin Zelaya
Batting: LHB Justin Vitali 0-0: Foul Ball, location: 2F
0-1: Ground out 4-3 (Groundball, 4, EV 85.0 MPH)
Batting: LHB Randy Marquez 0-0: Ball
1-0: Ground out 6-3 (Groundball, 6, EV 78.8 MPH)
Batting: SHB Manny Aponte 0-0: Foul Ball, location: 2F
0-1: Ball
1-1: Swinging Strike
1-2: Ball
2-2: Ground out 4-3 (Groundball, 4, EV 88.8 MPH)
Bottom of the 4th over - 0 runs, 0 hits, 0 errors, 0 left on base; Oregon State University 0 - Arizona State University 0
TOP OF THE 5TH
Oregon State University Beavers batting - Pitching for Arizona State University Sun Devils : LHP Jamie Treminio
Now at C: Israel Tobias
Now in LF: Dustin Gill
Now in CF: Timon Giorgiou
Now in RF: Bill Callbeck
Batting: SHB Jim Chute 0-0: Fly out, F3 (Popup, 3S, EV 75.6 MPH)
Batting: LHB Soo-yeon Kym 0-0: Called Strike
0-1: Foul Ball, location: 2F
0-2: Ball
1-2: Foul Ball, location: 2F
1-2: Ball
2-2: Strikes out swinging
Pinch Hitting: LHB Jon Hamilton 0-0: Ball
1-0: Foul Ball, location: 2F
1-1: Foul Ball, location: 2F
1-2: Ball
2-2: Strikes out swinging
Top of the 5th over - 0 runs, 0 hits, 0 errors, 0 left on base; Oregon State University 0 - Arizona State University 0
BOTTOM OF THE 5TH
Arizona State University Sun Devils batting - Pitching for Oregon State University Beavers : RHP Edwin Zelaya
Pitching: RHP Paul Cooke
Now at C: Dave Crum
Now at 1B: Kyle McCunn
Now at 2B: Brock Darby
Now at SS: Eric Robertson
Now in RF: Jon Hamilton
Batting: LHB Burraga Iukini 0-0: Called Strike
0-1: Foul Ball, location: 2F
0-2: Strikes out swinging
Batting: RHB Chris DeLuise 0-0: Ball
1-0: Ball
2-0: Ball
3-0: Base on Balls
Batting: RHB Alonzo Cardona 0-0: Ball
1-0: Foul Ball, location: 2F
1-1: Ball
2-1: Foul Ball, location: 2F
2-2: Foul Ball, location: 2F
2-2: Ball
3-2: Strikes out swinging
Chris DeLuise is caught stealing 2nd base 2-4
Batter strikes out.
Bottom of the 5th over - 0 runs, 0 hits, 0 errors, 0 left on base; Oregon State University 0 - Arizona State University 0
TOP OF THE 6TH
Oregon State University Beavers batting - Pitching for Arizona State University Sun Devils : LHP Jamie Treminio
Pitching: LHP Jeremiah Brown
Now at 2B: Rusty Gee
Pinch Hitting: RHB Rafael Ventura 0-0: Ball
1-0: Ball
2-0: Ball
3-0: Base on Balls
Batting: LHB Brock Darby 0-0: Ball
Rafael Ventura is caught stealing 2nd base 2-6
1-0: Ball
2-0: Foul Ball, location: 2F
2-1: Foul Ball, location: 2F
2-2: Ground out U3 (Groundball, 3L, EV 86.2 MPH)
Batting: LHB Pablo Fraga 0-0: DOUBLE (Flyball, 8LXD, EV 113.1 MPH)
Pinch Hitting: RHB Martin Darrington 0-0: Called Strike
0-1: Fly out, F8 (Flyball, 8LM, EV 89.4 MPH)
Top of the 6th over - 0 runs, 1 hit, 0 errors, 1 left on base; Oregon State University 0 - Arizona State University 0
BOTTOM OF THE 6TH
Arizona State University Sun Devils batting - Pitching for Oregon State University Beavers : RHP Paul Cooke
Now at 3B: Rafael Ventura
Now in LF: Martin Darrington
Now in CF: Soo-yeon Kym
Batting: RHB Carl Evans 0-0: Ball
1-0: Ball
2-0: Fly out, F8 (Flyball, 8LS, EV 85.0 MPH)
Batting: LHB Dustin Gill 0-0: Ball
1-0: Swinging Strike
1-1: Ball
2-1: Swinging Strike
2-2: DOUBLE (Flyball, 7LD, EV 112.5 MPH)
Batting: LHB Timon Giorgiou 0-0: Called Strike
0-1: Ball
1-1: Ball
2-1: Foul Ball, location: 2F
2-2: Reached on error, E5 (Groundball, 56S, EV 82.5 MPH)
Dustin Gill scores
Batting: RHB Bill Callbeck 0-0: Called Strike
Timon Giorgiou steals 3rd base
0-1: Swinging Strike
0-2: Strikes out looking
Batting: RHB Israel Tobias 0-0: Ball
1-0: Foul Ball, location: 2F
1-1: Ball
2-1: Swinging Strike
2-2: Ball
3-2: Base on Balls
Batting: RHB John Burgis 0-0: Ball
1-0: Called Strike
1-1: Fly out, F8 (Line Drive, 8LS, EV 91.9 MPH)
Bottom of the 6th over - 1 run, 1 hit, 1 error, 2 left on base; Oregon State University 0 - Arizona State University 1
TOP OF THE 7TH
Oregon State University Beavers batting - Pitching for Arizona State University Sun Devils : LHP Jeremiah Brown
Batting: SHB Eric Robertson 0-0: Foul Ball, location: 2F
0-1: Swinging Strike
0-2: Strikes out swinging
Batting: RHB Kyle McCunn 0-0: Foul Ball, location: 2F
0-1: Foul Ball, location: 2F
0-2: Ball
1-2: SOLO HOME RUN (Flyball, 7D, EV 98.1 MPH), Distance : 413 ft
Batting: RHB Dave Crum 0-0: Ball
1-0: Foul Ball, location: 2F
1-1: Ball
2-1: Ball
3-1: Ground out 6-3 (Groundball, 6, EV 88.8 MPH)
Batting: LHB Soo-yeon Kym 0-0: Ball
1-0: Ground out 4-3 (Groundball, 4, EV 103.8 MPH)
Top of the 7th over - 1 run, 1 hit, 0 errors, 0 left on base; Oregon State University 1 - Arizona State University 1
BOTTOM OF THE 7TH
Arizona State University Sun Devils batting - Pitching for Oregon State University Beavers : RHP Paul Cooke
Pitching: RHP Cody Alcaraz
Pinch Hitting: RHB Martin Boyle 0-0: Called Strike
0-1: Swinging Strike
0-2: Strikes out looking
Pinch Hitting: RHB David Krebs 0-0: Called Strike
0-1: Swinging Strike
0-2: Strikes out swinging, 2-3 out at first.
Batting: RHB Rusty Gee 0-0: Called Strike
0-1: Ball
1-1: Foul Ball, location: 2F
1-2: Ground out 6-3 (Groundball, 6S, EV 88.8 MPH)
Bottom of the 7th over - 0 runs, 0 hits, 0 errors, 0 left on base; Oregon State University 1 - Arizona State University 1
TOP OF THE 8TH
Oregon State University Beavers batting - Pitching for Arizona State University Sun Devils : LHP Jeremiah Brown
Pitching: LHP Tony Garcia
Now at 1B: Martin Boyle
Now at 3B: David Krebs
Batting: LHB Jon Hamilton 0-0: Fly out, F7 (Flyball, 7, EV 87.5 MPH)
Batting: RHB Rafael Ventura 0-0: Ball
1-0: SOLO HOME RUN (Flyball, 78XD, EV 115.0 MPH), Distance : 450 ft
Batting: LHB Brock Darby 0-0: Called Strike
0-1: Ball
1-1: Ball
2-1: Ball
3-1: Base on Balls
Batting: LHB Pablo Fraga 0-0: Called Strike
0-1: Ground out 4-3 (Groundball, 34S, EV 81.9 MPH)
Brock Darby to second
Batting: RHB Martin Darrington 0-0: Called Strike
0-1: Foul Ball, location: 2F
0-2: Ball
1-2: Foul Ball, location: 2F
1-2: Foul Ball, location: 2F
1-2: Foul Ball, location: 2F
1-2: Ball
2-2: Foul Ball, location: 2F
2-2: Ball
3-2: Strikes out swinging
Top of the 8th over - 1 run, 1 hit, 0 errors, 1 left on base; Oregon State University 2 - Arizona State University 1
BOTTOM OF THE 8TH
Arizona State University Sun Devils batting - Pitching for Oregon State University Beavers : RHP Cody Alcaraz
Pinch Hitting: RHB Hervé Papin 0-0: Fly out, F7 (Line Drive, 78M, EV 104.4 MPH)
Pitching: LHP Jaime Belden
Batting: LHB Dustin Gill 0-0: Ground out 6-3 (Groundball, 6M, EV 85.0 MPH)
Batting: LHB Timon Giorgiou 0-0: Called Strike
0-1: Ball
1-1: Ball
2-1: Ground out 4-3 (Groundball, 34, EV 86.2 MPH)
Bottom of the 8th over - 0 runs, 0 hits, 0 errors, 0 left on base; Oregon State University 2 - Arizona State University 1
TOP OF THE 9TH
Oregon State University Beavers batting - Pitching for Arizona State University Sun Devils : LHP Tony Garcia
Pitching: RHP Brent Wiley
Now at SS: Hervé Papin
Batting: SHB Eric Robertson 0-0: Ball
1-0: Ball
2-0: Swinging Strike
2-1: Foul Ball, location: 2F
2-2: Strikes out swinging
Pinch Hitting: LHB Jason Trevarrow 0-0: Called Strike
0-1: Ball
1-1: Fly out, F7 (Flyball, 78M, EV 88.1 MPH)
Pinch Hitting: LHB Fred Bal 0-0: Called Strike
0-1: Ball
1-1: Foul Ball, location: 2F
1-2: Ball
2-2: Fly out, F4 (Line Drive, 4M, EV 66.9 MPH)
Top of the 9th over - 0 runs, 0 hits, 0 errors, 0 left on base; Oregon State University 2 - Arizona State University 1
BOTTOM OF THE 9TH
Arizona State University Sun Devils batting - Pitching for Oregon State University Beavers : LHP Jaime Belden
Pitching: RHP Wang-fen Ang
Now at C: Israel Soto
Now at 1B: Omar Noyola
Pinch Hitting: LHB Sho Fukumoto 0-0: Called Strike
0-1: Ball
1-1: Swinging Strike
1-2: Strikes out looking
Pinch Hitting: SHB Salvador Rodriquez 0-0: Ball
1-0: Fly out, F8 (Flyball, 8RD, EV 95.6 MPH)
Batting: RHB John Burgis 0-0: Ball
1-0: Called Strike
1-1: Swinging Strike
1-2: Strikes out looking
Bottom of the 9th over - 0 runs, 0 hits, 0 errors, 0 left on base; Oregon State University 2 - Arizona State University 1
Tuesday, March 28th , 2023 - OOTP Baseball 23.10 Build 110